 Dungeon Crawl Stone Soup version 0.28.0-43-g3370ac3207 (webtiles) character file.

Game seed: 2576148514245531085

91 issech the Cudgeller (level 4, -4/41 (44) HPs)
             Began as a Troll Monk on Mar 22, 2022.
             Slain by an orc warrior
             ... wielding a +0 scimitar
              (5 damage)
             ... on level 3 of the Dungeon.
             The game lasted 00:08:26 (2794 turns).

issech the Cudgeller (Troll Monk)                   Turns: 2794, Time: 00:08:28

HP:   -4/41 (44)    AC:  4    Str: 19    XL:     4   Next: 34%
MP:   3/3           EV: 12    Int:  6    God:
Gold: 123           SH:  0    Dex: 26    Spells: 3/3 levels left

rFire   . . .      SeeInvis .   r - +0 flail
rCold   . . .      Faith    .   (no shield)
rNeg    . . .      Spirit   .   b - +0 robe
rPois   .          Reflect  .   (helmet restricted)
rElec   .          Harm     .   (no cloak)
rCorr   .          Rampage  .   (gloves unavailable)
Will    .....                   (boots unavailable)
Stlth   ++........              l - amulet of the acrobat
HPRegen 0.93/turn               d - +6 ring of dexterity
MPRegen 0.08/turn               p - +6 ring of dexterity

@: drained
A: large, unfitting armour, claws 3, regeneration 1, shaggy fur 1, tough skin 1
a: no special abilities


You were on level 3 of the Dungeon.
You visited 1 branch of the dungeon, and saw 4 of its levels.

You collected 123 gold pieces.

Inventory:

Hand Weapons
 a - a +0 mace
 g - a +0 short sword of venom
 o - a +0 hunting sling
 r - a +0 flail (weapon)
Missiles
 e - 86 stones (quivered)
 j - 31 arrows
 q - 3 boomerangs of dispersal
Armour
 b - a +0 robe (worn)
Jewellery
 d - a +6 ring of dexterity (left claw)
 l - an amulet of the acrobat (around neck)
 p - a +6 ring of dexterity (right claw)
Scrolls
 f - a scroll of amnesia {unknown}
 h - a scroll of torment {unknown}
 i - 4 scrolls of enchant armour {unknown}
 k - 2 scrolls of identify {unknown}
 m - a scroll of summoning {unknown}
 n - a scroll of silence {unknown}
 u - a scroll of acquirement {unknown}
Potions
 c - 2 potions of heal wounds {unknown}
 s - a potion of flight {unknown}
 t - a potion of brilliance {unknown}


   Skills:
 + Level 2.7 Fighting
 + Level 3.8 Maces & Flails
 + Level 3.1 Dodging
 + Level 1.2 Stealth


You had 3 spell levels left.
You didn't know any spells.
Your spell library contained the following spells:

 Spells                   Type           Power      Damage    Failure   Level
 Summon Guardian Golem    Hex/Summ       0%         N/A       83%         3
 Orb of Destruction       Conj           0%         9d5       100%        7
 Spellforged Servitor     Conj/Summ      0%         N/A       100%        7


Dungeon Overview and Level Annotations

Branches:
Dungeon (4/15)
 Temple: D:4-7

Altars:


Innate Abilities, Weirdness & Mutations

You are too large for most types of armour.
You have claws for hands.
Your natural rate of healing is unusually fast.
You are covered in fur. (AC +1)
You have tough skin. (AC +1)


Message History

The orc hits you with a +0 club.
You barely miss the orc.
The orc is almost dead.
The orc hits you with a +0 club.
You barely miss the orc.
The orc is almost dead.
The orc hits you but does no damage.
You sock the orc!
You kill the orc!
You see here a +0 club.
HP restored.
Partly explored, can't reach some items.
There is a stone staircase leading down, spattered with blood here.
You open the door.
You climb downwards.
The orc misses you.
The orc warrior hits you with a +0 scimitar.
The orc barely misses you.
The orc warrior hits you with a +0 scimitar!
The orc hits you from afar with a +0 trident.
There is a stone staircase leading up, spattered with blood here.
The orc misses you. The hobgoblin hits you. The orc warrior closely misses you.
The orc barely misses you.
You climb upwards.
There is a stone staircase leading down, spattered with blood here.
You closely miss the hobgoblin. The orc hits you but does no damage.
The hobgoblin hits you.
The orc warrior hits you but does no damage.
You hit the hobgoblin.
The hobgoblin is lightly wounded.
The orc closely misses you.
The hobgoblin hits you but does no damage.
The orc warrior hits you with a +0 scimitar!
* * * LOW HITPOINT WARNING * * *
You hit the hobgoblin but do no damage. Your claw misses the hobgoblin.
The hobgoblin is lightly wounded.
The orc hits you with a +0 hand axe.
* * * LOW HITPOINT WARNING * * *
The hobgoblin hits you but does no damage.
The orc warrior hits you with a +0 scimitar.
You die...

#.#.#.#.#.# #.#.#.# #....
#.#.#...#.# #.#.#.#############.
#.#.#####.###.#.#.#.............
##.#.........#.#.#.#.############
...##...####.#.#.#.#.............
...##......#.#...#.##############
...##....#.#.#[......#####.......
...##....#.#.#.#oo...............
...#.....#.#.#.#@#.#.......###...
...#####)###.#.#g#.######### #...
........)†...#.............###...
>.......)######....#######.......
...................# #.####..
..######....##.....# #>#.....
............##.....# #.#....#
........######.....# #.#....+
........# #.....# #.##...#


You could see an orc warrior, an orc and a hobgoblin.

Vanquished Creatures
  2 adders
  2 dart slugs
  A worm (D:2)
  7 orcs
  5 endoplasms
  A giant cockroach (D:1)
  10 goblins
  5 hobgoblins
  5 ball pythons
  11 bats
  5 frilled lizards
  2 kobolds (D:1)
  3 rats
59 creatures vanquished.

Vanquished Creatures (others)
  A withered plant (D:1)
1 creature vanquished.

Grand Total: 60 creatures vanquished

Notes
Turn   | Place    | Note
-------+----------+-------------------------------------------
     0 | D:1      | issech the Troll Monk began the quest for the Orb.
     0 | D:1      | Reached XP level 1. HP: 22/22 MP: 0/0
   271 | D:1      | Reached XP level 2. HP: 24/29 MP: 1/1
   433 | D:1      | Found a faded altar of an unknown god.
  1074 | D:2      | Reached XP level 3. HP: 34/36 MP: 2/2
  1899 | D:3      | Reached XP level 4. HP: 44/44 MP: 3/3
  2632 | D:4      | Noticed a black bear
  2753 | D:4      | Noticed an orc warrior
  2793 | D:3      | HP: 2/41 [orc warrior/+0 scimitar (15)]
  2794 | D:3      | Slain by an orc warrior

Illustrated notes

Levels and vault maps discovered:
D:1:      dpeg_arrival_line_fractal, layout_basic, shapermc_ecumenical_altar_gd,
          minmay_fountain_box, chequers_serial_rivers_large_b
D:2:      layout_basic, minmay_misc_feat_diagonals
D:3:      layout_basic, grunt_decor_cap, minmay_goblin_outpost
D:4:      layout_rooms, gammafunk_ghost_gnarly_gnolls, minmay_fractal_squares_5

Skill      XL: |  1  2  3 |
---------------+----------+-----
Maces & Flails | 3 |  3.8
Dodging        | 3 |  3.1
Fighting       | |  2.7
Stealth        | |  1.2

Action                   |  1- 3 |  4- 6 || total
-------------------------+-------+-------++-------
Melee: Mace              |   117 |       ||   117
       Punch             |     1 |       ||     1
       Flail             |     5 |    49 ||    54
Throw: Stone             |       |    11 ||    11
 Stab: Sleeping          |     5 |     2 ||     7
Armor: Robe              |    58 |    15 ||    73
Dodge: Dodged            |   121 |    54 ||   175
